 Dungeon Crawl Stone Soup version 0.18.1-1-g2f07953 (webtiles) character file.

1024 M4edhros the Covert (level 8, -2/75 HPs)
             Began as an Octopode Artificer on May 7, 2016.
             Slain by a centaur (3 damage)
             ... on level 6 of the Dungeon.
             The game lasted 00:07:38 (5921 turns).

M4edhros the Covert (Octopode Artificer)            Turns: 5921, Time: 00:07:39

Health: -2/75      AC: 24    Str: 10    XL:     8   Next: 22%
Magic:  10/10      EV:  2    Int: 14    God:    Xom [..*...]
Gold:   192        SH:  0    Dex: 15    Spells: 0 memorised, 7 levels left

rFire  . . .     SeeInvis .     w - +0 short sword (elec)
rCold  . . .     Gourm    .     (no shield)
rNeg   + + +     Faith    +     (helmet currently unavailable)
rPois  +         Spirit   .     g - amulet of faith
rElec  .         Dismiss  .     x - ring of flight
rCorr  .         Reflect  .     u - ring of poison resistance
SustAt .         Harm     .     (no ring)
MR     +....     NoTele   +     (no ring)
Stlth  ++++++++..               (no ring)
                                (no ring)
                                (no ring)
                                (no ring)

@: tree-form, somewhat resistant to hostile enchantments, extraordinarily
stealthy
A: almost no armour, (amphibious), 8 rings, (constrict 8), (camouflage 0),
blurry vision 1, (cold resistance 0), magic resistance 1, (gelatinous body 0)
a: Renounce Religion


You were on level 6 of the Dungeon.
You worshipped Xom.
You were a toy of Xom.
You were very hungry.
You were a tree.
You visited 2 branches of the dungeon, and saw 7 of its levels.

You collected 192 gold pieces.

Inventory:

Hand Weapons
 a - a +0 short sword
 e - a +0 dagger of venom
 w - a +0 short sword of electrocution (weapon)
Missiles
 p - 19 sling bullets
Jewellery
 g - an amulet of faith (around neck)
 u - a ring of poison resistance (right branch)
 x - a ring of flight (left branch)
Wands
 b - a wand of flame (1/48)
 c - a wand of enslavement (4/24)
 d - a wand of random effects (14/48)
 q - a wand of paralysis (14/24)
 v - a wand of disintegration (12/24)
Scrolls
 i - 2 scrolls of identify {unknown}
 j - a scroll of remove curse
 m - a scroll of fear
 s - a scroll of noise {unknown}
 y - a scroll of enchant weapon {unknown}
Potions
 l - a potion of brilliance {unknown}
 n - a potion of magic {unknown}
 o - a potion of might {unknown}
 t - a potion of invisibility {unknown}
Comestibles
 f - 2 bread rations
 h - 7 meat rations
 k - a slice of pizza


   Skills:
 + Level 2.2 Fighting
 - Level 1.0 Short Blades
 + Level 3.0 Dodging
 - Level 12.1 Stealth
 - Level 3.2 Evocations


You had 7 spell levels left.
You didn't know any spells.

Dungeon Overview and Level Annotations

Branches:
Dungeon (6/15)             Temple (1/1) D:6

Altars:
Ashenzari
Cheibriados
Dithmenos
Elyvilon
Fedhas
Kikubaaqudgha
Nemelex Xobeh
Okawaru
Pakellas
Qazlal
Ru
Sif Muna
Trog
Vehumet
Xom
The Shining One

Annotations:
D:4 Edmund, Natasha


Innate Abilities, Weirdness & Mutations

You cannot wear most types of armour.
((You are amphibious.))
You can wear up to eight rings at the same time.
((You can use your tentacles to constrict eight enemies at once.))
((Your skin changes colour to match your surroundings (Stealth).))
((Your rubbery body absorbs attacks (AC +1).))
Scrolls take you a little longer to read.
((Your flesh is cold resistant.))
You are resistant to hostile enchantments.


Message History

The centaur is lightly wounded.
The centaur hits you!
* * * LOW HITPOINT WARNING * * *
The centaur barely misses you.
You hit the centaur.
The centaur is lightly wounded. "See what I see, my child!"
You detect nothing.
The centaur hits you.
* * * LOW HITPOINT WARNING * * *
The centaur hits you!
* * * LOW HITPOINT WARNING * * *
Xom thinks this is hilarious!
Drink which item? (? for menu, Esc to quit)
You turn into a tree.
Your roots penetrate the ground.
The centaur hits you but does no damage.
You hit the centaur but do no damage.
There is a sudden explosion of sparks!
The centaur is heavily wounded.
The centaur hits you but does no damage.
The centaur hits you.
You die...

####.####........... #.#
###.##.#.... ##(##
#......... #.(.#
####.#.... #...# #....##
#..)# ####.#
#####...##### #.##
##.#.(.........#######...
........♣................
##.#.....c.....####.##8..
#####...##### #.#.>.#
###...### #.#.8.#
#.......# #.#.#.#
#.#..^#.# #.#.#.#
#.##.##.# #......
#.##....# ###.###
###.####..# #.###


You could see a centaur.

Vanquished Creatures
  Duvessa (D:4)
  A black bear (D:6)
  An ice beast (D:6)
  A centaur (D:6)
  A giant frog (D:6)
  Dowan (D:4)
  A scorpion (D:5)
  2 hounds (D:4)
  3 orc priests
  A giant frog skeleton (D:5)
  An orc wizard (D:3)
  An iguana (D:5)
  Natasha (D:4)
  A worker ant (D:5)
  3 adders (D:5)
  6 gnolls (D:5)
  A worm (D:5)
  A dart slug (D:1)
  A giant gecko (D:1)
  10 orcs
  3 bats (D:1)
  2 giant cockroaches (D:1)
  5 hobgoblins
  8 kobolds
  A ball python (D:1)
  5 giant newts
  3 goblins (D:1)
  4 rats (D:1)
70 creatures vanquished.

Vanquished Creatures (collateral kills)
  A phantom (D:4)
  A gnoll (D:4)
  A giant gecko (D:6)
  5 orcs
8 creatures vanquished.

Vanquished Creatures (others)
  Natasha (D:4)
1 creature vanquished.

Grand Total: 79 creatures vanquished

Notes
Turn   | Place    | Note
--------------------------------------------------------------
     0 | D:1      | M4edhros the Octopode Artificer began the quest for the Orb.
     0 | D:1      | Reached XP level 1. HP: 13/13 MP: 3/3
    22 | D:1      | Reached skill level 2 in Stealth
    29 | D:1      | Reached XP level 2. HP: 14/18 MP: 4/4
   108 | D:1      | Reached skill level 3 in Stealth
   605 | D:1      | Reached skill level 4 in Stealth
   631 | D:1      | Reached XP level 3. HP: 17/23 MP: 5/5
   991 | D:3      | Gained mutation: You are resistant to hostile enchantments. [potion of mutation]
   991 | D:3      | Gained mutation: Your flesh is cold resistant. [potion of mutation]
   991 | D:3      | Gained mutation: Scrolls take you a little longer to read. [potion of mutation]
  1007 | D:3      | Reached skill level 5 in Stealth
  1007 | D:3      | Reached XP level 4. HP: 28/28 MP: 6/6
  1121 | D:4      | Noticed Edmund
  1174 | D:4      | Noticed Duvessa
  1175 | D:4      | Noticed Natasha
  1175 | D:4      | Noticed Dowan
  1183 | D:4      | Your ally died
  1201 | D:4      | Killed Duvessa
  1201 | D:4      | Reached skill level 7 in Stealth
  1201 | D:4      | Reached XP level 5. HP: 19/33 MP: 7/7
  1207 | D:4      | Killed Dowan
  1207 | D:4      | Reached skill level 8 in Stealth
  1207 | D:4      | Reached XP level 6. HP: 18/38 MP: 8/8
  1494 | D:4      | Reached skill level 9 in Stealth
  1566 | D:4      | Noticed Natasha
  1568 | D:4      | Killed Natasha
  1820 | D:4      | Noticed a phantom
  1826 | D:5      | Entered Level 5 of the Dungeon
  2055 | D:5      | Reached skill level 10 in Stealth
  2055 | D:5      | Reached XP level 7. HP: 37/43 MP: 9/9
  2485 | D:6      | Reached skill level 11 in Stealth
  3005 | D:6      | Found a staircase to the Ecumenical Temple.
  3108 | Temple   | Entered the Ecumenical Temple
  3130 | Temple   | Became a worshipper of Xom of Chaos
  3207 | D:4      | XOM: harmless Summ miscast
  3211 | D:4      | XOM: divination: detect creatures
  3238 | D:4      | XOM: scenery: create altars
  3240 | D:4      | XOM: summons 3 friendly demons
  3242 | D:4      | Reached skill level 12 in Stealth
  3242 | D:4      | Reached XP level 8. HP: 46/48 MP: 10/10
  3282 | D:4      | XOM: mild Fire miscast
  3291 | D:4      | XOM: harmless Ice miscast
  3317 | D:4      | XOM: stat loss: -1 Str (9/10)
  3326 | D:4      | XOM: enchant monster (bad)
  3611 | D:4      | XOM: scenery: create altars
  3648 | D:4      | XOM: polymorph gnoll shaman -> centaur
  3714 | D:3      | XOM: potion effect (berserk rage)
  3721 | D:3      | XOM: cast spell 'Summon Ice Beast'
  3800 | D:4      | Noticed Natasha
  3818 | D:4      | XOM: harmless Pois miscast
  5163 | Temple   | XOM: divination: detect items
  5460 | Temple   | XOM: god gift: 3 meat rations
  5547 | Temple   | XOM is BORED!
  5547 | Temple   | XOM: noise
  5913 | D:6      | XOM: divination: detect items
  5919 | D:6      | XOM: divination: detect items
  5919 | D:6      | HP: 1/50 [centaur (8)]
  5921 | D:6      | Slain by a centaur

Skill      XL: |  1  2  3  4  5  6  7  8 |
---------------+-------------------------+-----
Stealth        | 2 4 5 7 8 10 12 | 12.1
Fighting       | 2 |  2.2
Dodging        | 3 |  3.0
Short Blades   | |  1.0
Evocations     | |  3.2

Action                   |  1- 3 |  4- 6 |  7- 9 || total
-------------------------+-------+-------+-------++-------
Melee: Short sword       |    63 |     8 |    35 ||   106
       Constrict         |    14 |     5 |    14 ||    33
       Tentacles         |    12 |     2 |    13 ||    27
       Unarmed           |       |    15 |       ||    15
       Dagger            |       |    26 |    27 ||    53
Evoke: Wand              |     2 |     7 |    17 ||    26
  Use: Potion            |     5 |     2 |     1 ||     8
       Scroll            |       |     2 |       ||     2
 Stab: Sleeping          |     7 |     5 |    11 ||    23
       Distracted        |     1 |     1 |       ||     2
  Eat: Chunk             |       |     2 |     7 ||     9
       Bread ration      |       |       |     1 ||     1
       Beef jerky        |       |       |     1 ||     1
Armor: Skin              |    15 |    26 |     5 ||    46
Dodge: Dodged            |    53 |    12 |    38 ||   103
